 Dungeon Crawl Stone Soup version 0.24.0-125-gc4c63601f3 (webtiles) character file.

Game seed: 4376402921525593367, levelgen mode: deterministic

1883788 laxxamousse2 the Slayer (level 27, 193/193 HPs)
             Began as a Gargoyle Fighter on Feb 19, 2020.
             Was a High Priest of Qazlal.
             Escaped with the Orb
             ... and 3 runes!
             The game lasted 03:54:58 (60026 turns).

laxxamousse2 the Slayer (Gargoyle Fighter)         Turns: 60026, Time: 03:54:58

Health: 193/193    AC: 50    Str: 33    XL:     27
Magic:  48/48      EV: 13    Int: 16    God:    Qazlal [*****.]
Gold:   3238       SH: 38    Dex: 22    Spells: 26/26 levels left

rFire    + + +     SeeInvis +   x - +8 mithril axe "Arga" {speed, MR+}
rCold    + . .     Gourm    .   T - +8 shield "Qoagal" {MP+9 Str+3 Stlth+}
rNeg     + + .     Faith    .   B - +0 plate armour of Winter {*Contam rF+ Regen+ Dex+5}
rPois    ∞         Spirit   .   K - -2 hat of the Alchemist {rElec rPois rF+ rC+ rN+ MR+ rMut rCorr}
rElec    +         Reflect  +   i - +2 cloak {+Inv}
rCorr    +         Harm     .   U - +0 pair of gloves "Igrylih" {rElec Dex+4 SInv}
rMut     +                      g - +2 pair of boots {Stlth+}
MR       +++++                  O - +4 amulet of reflection
Stlth    ..........             r - ring of protection from magic
HPRegen  1.22/turn              p - ring of Olath {EV+4 Int+2 Dex+4}
MPRegen  0.31/turn

@: flying, repel missiles
A: big wings, blurry vision 1, clever 1, fire resistance 1, negative energy
resistance 1, regeneration 1, electricity resistance, wild magic 1, unbreathing,
petrification resistance, no potion heal 1, rot immunity, AC +20
0: Orb of Zot
}: 3/15 runes: decaying, serpentine, silver
a: Stop Flying, Upheaval, Elemental Force, Disaster Area, Renounce Religion,
Evoke Invisibility


You escaped.
You worshipped Qazlal.
Qazlal was extremely pleased with you.
You were full.

You visited 9 branches of the dungeon, and saw 49 of its levels.
You also visited: Wizlab.

You collected 7456 gold pieces.
You spent 4218 gold pieces at shops.

Inventory:

Hand Weapons
 s - a +8 broad axe of venom
 x - the +8 mithril axe "Arga" (weapon) {speed, MR+}
   (You acquired it on level 15 of the Dungeon)

   Attacks with this weapon are significantly faster.
   It affects your resistance to hostile enchantments.
Armour
 g - a +2 pair of boots of stealth (worn)
 h - a +2 helmet of intelligence
 i - a +2 cloak of invisibility (worn)
 B - the +0 plate armour of Winter (worn) {*Contam rF+ Regen+ Dex+5}
   (You found it on level 8 of the Dungeon)

   It affects your dexterity (+5).
   It protects you from fire.
   It causes magical contamination when unequipped.
   It increases your rate of regeneration.
 E - +0 gold dragon scales
 K - the -2 hat of the Alchemist (worn) {rElec rPois rF+ rC+ rN+ MR+ rMut rCorr}
   (You found it on level 5 of the Vaults)

   It protects you from fire.
   It protects you from cold.
   It insulates you from electricity.
   It protects you from poison.
   It protects you from negative energy.
   It affects your resistance to hostile enchantments.
   It provides partial protection from all sources of acid and corrosion.
   It protects you from mutation.
 T - the +8 shield "Qoagal" (worn) {MP+9 Str+3 Stlth+}
   (You found it on level 5 of the Vaults)

   It affects your strength (+3).
   It affects your magic capacity (+9).
   It makes you more stealthy.
 U - the +0 pair of gloves "Igrylih" (worn) {rElec Dex+4 SInv}
   (You found it on level 3 of the Depths)

   It affects your dexterity (+4).
   It insulates you from electricity.
   It lets you see invisible.
Jewellery
 o - a +4 ring of protection
 p - the ring of Olath (right hand) {EV+4 Int+2 Dex+4}
   (You took it off a fire giant on level 4 of the Vaults)

   [ring of evasion]

   It affects your evasion (+4).
   It affects your intelligence (+2).
   It affects your dexterity (+4).
 r - a ring of protection from magic (left hand)
 t - a +2 amulet of reflection
 F - an uncursed amulet of guardian spirit
 M - a +3 amulet of reflection
 O - a +4 amulet of reflection (around neck)
 X - an uncursed amulet of faith
 Z - an uncursed ring of protection from magic
Wands
 a - a wand of iceblast (55)
 v - a wand of polymorph (16)
 w - a wand of acid (34)
 G - a wand of random effects (63)
 I - a wand of flame (83)
 Q - a wand of digging (7) (quivered)
 V - a wand of clouds (23)
Scrolls
 d - 20 scrolls of identify
 e - 8 scrolls of fear
 k - 28 scrolls of teleportation
 m - 30 scrolls of remove curse
 n - 13 scrolls of magic mapping
 q - a scroll of enchant armour
 y - 11 scrolls of amnesia
 A - 5 scrolls of holy word
 C - 8 scrolls of fog
 D - 4 scrolls of blinking
 N - 6 scrolls of silence
 W - 12 scrolls of enchant weapon
 Y - a scroll of summoning
Potions
 b - 8 potions of invisibility
 c - 4 potions of ambrosia
 j - 3 potions of cancellation
 l - 5 potions of might
 u - 4 potions of resistance
 z - 10 potions of curing
 H - a potion of haste
 L - 3 potions of magic
 P - 8 potions of brilliance
 R - 4 potions of agility
 S - 2 potions of heal wounds
Comestibles
 f - 46 rations


   Skills:
 + Level 25.3 Fighting
 - Level 18.0 Axes
 + Level 24.2 Armour
 + Level 22.9 Shields
 + Level 25.1 Invocations
 - Level 3.1 Evocations


You had 26 spell levels left.
You didn't know any spells.
Your spell library contained the following spells:

 Spells                   Type           Power        Failure   Level  Hunger
 Animate Skeleton         Necr           N/A          67%         1    ##.....
 Apportation              Tloc           #.....       67%         1    ##.....
 Corona                   Hex            #......      67%         1    ##.....
 Flame Tongue             Conj/Fire      #....        67%         1    ##.....
 Freeze                   Ice            #...         67%         1    ##.....
 Infusion                 Chrm           #...         67%         1    ##.....
 Magic Dart               Conj           #...         67%         1    ##.....
 Pain                     Necr           #...         67%         1    ##.....
 Sandblast                Erth           #.....       67%         1    ##.....
 Shock                    Conj/Air       #...         67%         1    ##.....
 Sting                    Conj/Pois      #...         67%         1    ##.....
 Blink                    Tloc           N/A          80%         2    ###....
 Call Imp                 Summ           #.......     80%         2    ###....
 Corpse Rot               Necr           N/A          80%         2    ###....
 Ensorcelled Hibernation  Hex/Ice        #.....       80%         2    ###....
 Passwall                 Tmut/Erth      #.......     80%         2    ###....
 Poisonous Vapours        Pois/Air       #.....       80%         2    ###....
 Searing Ray              Conj           #.....       80%         2    ###....
 Shroud of Golubria       Chrm/Tloc      #.....       80%         2    ###....
 Slow                     Hex            #.......     80%         2    ###....
 Song of Slaying          Chrm           #.......     80%         2    ###....
 Swiftness                Chrm/Air       #.......     80%         2    ###....
 Throw Flame              Conj/Fire      #.....       80%         2    ###....
 Confuse                  Hex            #.......     95%         3    ####...
 Conjure Flame            Conj/Fire      #.......     95%         3    ####...
 Dazzling Spray           Conj/Hex       #.....       95%         3    ####...
 Gell's Gravitas          Tloc           #.........   95%         3    ####...
 Inner Flame              Hex/Fire       #.......     95%         3    ####...
 Lesser Beckoning         Tloc           #.........   95%         3    ####...
 Mephitic Cloud           Conj/Pois/Air  #.......     95%         3    ####...
 Portal Projectile        Hex/Tloc       #.....       95%         3    ####...
 Recall                   Summ/Tloc      N/A          95%         3    ####...
 Regeneration             Chrm/Necr      #.........   95%         3    ####...
 Spectral Weapon          Hex/Chrm       #.......     95%         3    ####...
 Static Discharge         Conj/Air       #.......     95%         3    ####...
 Stone Arrow              Conj/Erth      #.....       95%         3    ####...
 Teleport Other           Tloc           #.......     95%         3    ####...
 Tukima's Dance           Hex            #.......     95%         3    ####...
 Vampiric Draining        Necr           #.........   95%         3    ####...
 Airstrike                Air            #.........   100%        4    #####..
 Animate Dead             Necr           N/A          100%        4    #####..
 Cause Fear               Hex            #.........   100%        4    #####..
 Force Lance              Conj/Tloc      #.......     100%        4    #####..
 Fulminant Prism          Conj/Hex       #.........   100%        4    #####..
 Ice Form                 Ice/Tmut       #.......     100%        4    #####..
 Iskenderun's Mystic Bla  Conj           #.......     100%        4    #####..
 Leda's Liquefaction      Hex/Erth       #.........   100%        4    #####..
 Olgreb's Toxic Radiance  Pois           #.......     100%        4    #####..
 Petrify                  Tmut/Erth      #.......     100%        4    #####..
 Sticky Flame             Conj/Fire      #.......     100%        4    #####..
 Summon Lightning Spire   Summ/Air       #.......     100%        4    #####..
 Throw Icicle             Conj/Ice       #.......     100%        4    #####..
 Agony                    Necr           #.......     100%        5    ######.
 Aura of Abjuration       Summ           #.........   100%        5    ######.
 Bolt of Draining         Conj/Necr      #.........   100%        5    ######.
 Bolt of Magma            Conj/Fire/Erth #.........   100%        5    ######.
 Dispel Undead            Necr           #.......     100%        5    ######.
 Excruciating Wounds      Chrm/Necr      #.........   100%        5    ######.
 Fireball                 Conj/Fire      #.........   100%        5    ######.
 Irradiate                Conj/Tmut      #.........   100%        5    ######.
 Lee's Rapid Deconstruct  Erth           #.........   100%        5    ######.
 Lightning Bolt           Conj/Air       #.........   100%        5    ######.
 Metabolic Englaciation   Hex/Ice        #.........   100%        5    ######.
 Silence                  Hex/Air        #.........   100%        5    ######.
 Summon Demon             Summ           #.........   100%        5    ######.
 Summon Forest            Summ/Tloc      #.........   100%        5    ######.
 Summon Mana Viper        Hex/Summ       #.......     100%        5    ######.
 Venom Bolt               Conj/Pois      #.........   100%        5    ######.
 Yara's Violent Unravell  Hex/Tmut       #.........   100%        5    ######.
 Bolt of Cold             Conj/Ice       #.........   100%        6    #######
 Conjure Ball Lightning   Conj/Air       #.........   100%        6    #######
 Darkness                 Hex            #.........   100%        6    #######
 Deflect Missiles         Chrm/Air       #.........   100%        6    #######
 Dispersal                Tloc           #.........   100%        6    #######
 Freezing Cloud           Conj/Ice/Air   #.........   100%        6    #######
 Hydra Form               Tmut           #.........   100%        6    #######
 Invisibility             Hex            #.......     100%        6    #######
 Iron Shot                Conj/Erth      #.........   100%        6    #######
 Ozocubu's Refrigeration  Ice            #.........   100%        6    #######
 Shadow Creatures         Summ           N/A          100%        6    #######
 Simulacrum               Ice/Necr       #.........   100%        6    #######
 Dragon Form              Tmut           #.........   100%        7    #######
 Haunt                    Necr/Summ      #.........   100%        7    #######
 Summon Hydra             Summ           #.........   100%        7    #######
 Borgnjor's Revivificati  Necr           #.........   100%        8    #######
 Death's Door             Chrm/Necr      #.........   100%        8    #######
 Discord                  Hex            #.........   100%        8    #######
 Disjunction              Tloc           #.........   100%        8    #######
 Ignition                 Fire           #.........   100%        8    #######
 Infestation              Necr           #.........   100%        8    #######
 Necromutation            Tmut/Necr      #.........   100%        8    #######
 Shatter                  Erth           #.........   100%        9    #######
 Tornado                  Air            #.........   100%        9    #######
 Sublimation of Blood     Necr           Unusable     N/A         2    N/A
 Passage of Golubria      Tloc           Unusable     N/A         4    N/A
 Statue Form              Tmut/Erth      Unusable     N/A         6    N/A

Dungeon Overview and Level Annotations

Branches:
Dungeon (15/15)            Temple (0/1) D:6            Lair (6/6) D:8
  Swamp (4/4) Lair:4        Snake (4/4) Lair:3        Slime (0/5) Lair:6
    Orc (2/2) D:12            Elf (3/3) Orc:2        Vaults (5/5) D:14
  Crypt (0/3) Vaults:3     Depths (5/5) D:15            Zot (5/5) Depths:5
 WizLab (visited)

Altars:
Ashenzari
Elyvilon
Fedhas
Gozag
Hepliaklqana
Makhleb
Nemelex Xobeh
Qazlal
Ru
Trog
Uskayaw
Xom
Yredelemnul
Beogh

Shops:
D:7 (   D:15 ?!   Orc:2 [%(*   Snake:1 ==   Snake:4 }=   Vaults:2 *
Vaults:4 !   Vaults:5 [   Depths:1 *   Depths:4 *

Portals:
Hell: Depths:1 Depths:2 Depths:3 Depths:4 Depths:5
Abyss: Depths:4 Depths:5
Pandemonium: Depths:3 Depths:4
Ziggurat: Depths:3

Annotations:
Lair:4 2 transporters, laxxamousse2's ghost, journeyman GrFi
Lair:6 exclusion: 2 oklob plants
Zot:1 5 transporters, 2 runed translucent doors, Netemen's ghost, master GnFi


Innate Abilities, Weirdness & Mutations

You are resistant to torment.
Your stone body is resilient. (AC +20)
You are immune to poison.
Your large and strong wings let you fly indefinitely.
You resist negative energy. (rN+)
You are resistant to electric shocks. (rElec)
You can survive without breathing.
You are immune to petrification.
You are immune to rotting.
Scrolls take you a little longer to read.
Your mind is acute. (Int +2)
Your flesh is heat resistant. (rF+)
Your natural rate of healing is unusually fast.
Your spells are a little harder to cast, but a little more powerful.
Potions are less effective at restoring your health.


Message History

Your protection from fire is fading.
You feel less protected from fire.
There is a stone staircase leading up here.
HP restored.
You fly upwards.
There is a stone staircase leading down here.
A lorocyproca comes into view.
There is a stone staircase leading up here.
You fly upwards.
There is a stone staircase leading down here.
There is an open door, spattered with blood here.
There is an escape hatch in the floor here.
You can't go up here!
Viul comes into view. It is armed with a vampiric touch.
A shadow demon comes into view.
You hear a chilling moan.
There is an open door here.
There is a staircase leading out of the dungeon here.
You hear an angry buzzing noise.
You have escaped!

#............... ####
###########..... #..#
#......>#..... #..#
#.......#..... #..#
###'#####..... #..#
#.######.....
####'#######>#...#.....
#......○.##.##...#.....
#.....@&.#.###...#.....
#(....°°.'#.>'2&.#.....
#...§.○..#####...#.....
#............).........
#.######...............
#.# ###.............
#.# ####.....###... #.#
#............##
#.#######.##...........


You could see Viul.

Vanquished Creatures
  5 orbs of fire
  Mara (Swamp:3)
  3 ancient liches
  3 juggernauts
  Boris (Depths:3)
  Bai Suzhen (Vaults:5)
  Saint Roka (Vaults:1)
  Vashnia (Snake:2)
  the Lernaean hydra (Swamp:4)
  The ghost of Kapsuyc the Slayer, a master VSBe of Trog (Zot:3)
  Xtahua (Vaults:3)
  A Killer Klown (Zot:5)
  A caustic shrike (Zot:3)
  A curse toe (Zot:3)
  15 golden dragons
  Nikola (Swamp:3)
  A profane servitor (Depths:4)
  An iron giant (Zot:4)
  4 electric golems
  A Tzitzimitl (Zot:4)
  Jorgrun (D:13)
  22 tentacled monstrosities
  5 titans
  27 Orb Guardians
  3 liches
  5 quicksilver dragons
  3 deep elf blademasters
  2 death cobs
  4 sphinxes
  A thorn hunter (Swamp:3)
  An ancient champion (WizLab)
  5 nagarajas
  Kirke (Elf:1)
  Donald (Swamp:3)
  Agnes (Snake:4)
  9 shadow dragons
  17 storm dragons
  8 tengu reavers
  2 large abominations (Vaults:5)
  Roxanne (Swamp:2)
  6 draconian monks
  15 fire giants
  14 frost giants
  3 iron dragons
  5 ghost moths
  5 draconian knights
  21 vault wardens
  An azure jelly (shapeshifter) (Vaults:5)
  9 deep elf sorcerers
  Louise (Swamp:2)
  The ghost of Fuepateodgh the Destroyer, a journeyman OpFE of Sif Muna (Depths:3)
  4 draconian scorchers
  4 deep elf elementalists
  Aizul (Snake:1)
  2 orc warlords
  A draconian shifter (Zot:3)
  A juggernaut zombie (Depths:4)
  A ghoul (Vaults:4)
  10 ironheart preservers
  A caustic shrike skeleton (Depths:4)
  3 draconian stormcallers
  2 draconian annihilators
  16 very ugly things
  A spriggan defender (Depths:2)
  4 green draconians
  17 stone giants
  5 entropy weavers
  2 juggernaut skeletons (Depths:4)
  A war gargoyle (Vaults:3)
  6 purple draconians
  10 black draconians
  4 vampire knights
  8 deep elf demonologists
  Snorg (Orc:2)
  12 red draconians
  9 white draconians
  10 yellow draconians
  5 deep elf annihilators
  A green death (D:13)
  4 deep elf death magi
  11 ettins
  7 deep elf high priests
  6 fire dragons
  8 great orbs of eyes
  18 yaktaur captains
  13 ogre magi
  34 vault guards
  12 naga warriors
  18 hydras
  7 rakshasas
  A hell beast (Depths:4)
  9 ice dragons
  A shambling mangrove (Swamp:4)
  2 catoblepae
  A ghost crab (Swamp:2)
  A merfolk avatar (Lair:6)
  38 two-headed ogres
  8 centaur warriors
  4 death knights
  13 anacondas
  3 spriggan air magi
  29 dancing weapons
  A tengu warrior (Depths:1)
  7 deep troll earth magi
  6 alligators
  4 deep troll shamans
  A vampire mage (Depths:2)
  4 orc high priests (Orc:2)
  16 death yaks
  6 spriggan berserkers
  20 naga sharpshooters
  A shock serpent (Snake:3)
  17 hell knights
  2 shadow wraiths
  29 deep elf knights
  A spark wasp zombie (Depths:1)
  A titan skeleton (Depths:4)
  A salamander mystic (Snake:4)
  2 sixfirhies
  2 sun demons (D:4)
  A storm dragon skeleton (Depths:4)
  2 iron trolls (Depths:1)
  36 skeletal warriors
  26 deep trolls
  An orange crystal statue (Zot:5)
  3 small abominations
  2 unseen horrors (Vaults:1)
  14 glowing orange brains
  2 sea snakes
  A glowing orange brain (shapeshifter) (Vaults:5)
  An infernal demonspawn (Depths:4)
  A shadow demon (Depths:1)
  7 flayed ghosts
  A spriggan druid (Swamp:4)
  11 swamp dragons
  23 ironbrand convokers
  4 naga ritualists
  11 wizards
  22 orc knights
  72 deep elf magi
  4 golden dragon skeletons (Depths:4)
  A wolf spider zombie (D:13)
  Pikel (D:6)
  13 deep elf archers
  4 shadow dragon skeletons
  10 necromancers
  3 harpies
  4 phantasmal warriors
  11 mana vipers
  A shining eye (shapeshifter) (Vaults:5)
  11 orc sorcerers
  5 sphinx skeletons
  A wolf spider (shapeshifter) (Vaults:5)
  6 wolf spiders
  A shadow dragon zombie (Vaults:5)
  6 cyclopes
  36 ugly things
  5 tengu skeletons
  2 manticores (D:15)
  11 salamanders
  A moth of wrath (shapeshifter) (Depths:2)
  2 iron dragon skeletons (Depths:4)
  A salamander (shapeshifter) (Vaults:3)
  4 elephants
  19 moths of wrath
  3 centaur zombies
  A guardian serpent (shapeshifter) (Vaults:1)
  2 frost giant skeletons
  4 guardian serpents
  13 vault sentinels
  29 black mambas
  22 naga magi
  An eye of devastation (shapeshifter) (Depths:2)
  3 fire giant skeletons
  16 spiny frogs
  A spriggan skeleton (Depths:4)
  2 gargoyles
  5 spectral swamp worms (Depths:3)
  42 yaktaurs
  8 rime drakes
  13 komodo dragons
  2 hellwings (Depths:4)
  A komodo dragon (shapeshifter) (Elf:2)
  2 freezing wraiths
  4 red devils
  A kobold demonologist (D:13)
  An efreet (D:13)
  4 elf skeletons
  A queen bee (shapeshifter) (Depths:2)
  7 trolls
  53 orc warriors
  A meliai (shapeshifter) (Vaults:1)
  A jumping spider (Vaults:4)
  11 tyrant leeches
  17 hornets
  A jumping spider (shapeshifter) (Depths:3)
  A merfolk (shapeshifter) (Vaults:3)
  A tengu simulacrum (Vaults:3)
  2 polar bears
  5 tengu conjurers
  A hornet (shapeshifter) (Depths:3)
  A raiju (shapeshifter) (Depths:2)
  A sphinx simulacrum (Vaults:3)
  14 hippogriffs
  A hippogriff (shapeshifter) (Depths:1)
  36 slime creatures
  3 blink frogs (Lair:2)
  6 bog bodies
  A dream sheep (shapeshifter) (Vaults:5)
  7 dream sheep
  8 redbacks
  11 flying skulls (Depths:4)
  2 shadows (Swamp:4)
  A ynoxinul (Depths:4)
  2 wraiths
  2 air elementals
  9 spriggans
  4 wyverns
  3 water elementals (Elf:2)
  A yak (shapeshifter) (Vaults:1)
  4 vampires (WizLab)
  An orc simulacrum (Vaults:1)
  3 hogs (Elf:1)
  50 yaks
  3 fire bats (Lair:6)
  2 golden eyes (shapeshifter)
  3 basilisks
  A hog (shapeshifter) (Vaults:1)
  A steam dragon (shapeshifter) (Depths:2)
  22 vampire mosquitoes
  5 wargs
  2 acid dragons
  20 insubstantial wisps
  48 nagas
  A swamp worm (shapeshifter) (Vaults:5)
  Edmund (D:4)
  A soldier ant (D:14)
  16 swamp worms
  A two-headed ogre zombie (WizLab)
  17 water moccasins
  10 swamp drakes
  10 porcupines
  2 sky beasts
  5 black bears
  5 ice beasts
  A hornet zombie (D:15)
  A slave (D:6)
  2 necrophages
  An eye of draining (D:12)
  3 phantoms
  An ettin simulacrum (Vaults:2)
  34 ogres
  4 boggarts (Depths:2)
  12 crocodiles
  3 crocodiles (shapeshifter)
  22 centaurs
  10 human skeletons
  Blork the orc (D:5)
  5 big kobolds
  22 bullfrogs
  An earth elemental (Elf:3)
  A deep troll simulacrum (Vaults:5)
  A wyvern zombie (D:13)
  2 scorpions
  6 troll zombies (WizLab)
  14 wights
  15 killer bees
  A howler monkey (D:5)
  16 crimson imps
  6 quasits
  2 bullfrog zombies
  2 human simulacra (Vaults:2)
  6 jellies
  3 bullfrog skeletons
  6 hounds
  4 centaur skeletons
  18 orc priests
  Ijyb (D:3)
  6 iguanas
  25 orc wizards
  12 worker ants
  A worker ant (shapeshifter) (Vaults:5)
  5 ogre zombies (WizLab)
  A hound zombie (D:11)
  A worker ant zombie (D:11)
  Robin (D:3)
  18 adders
  9 shadow imps
  2 white imps (Depths:4)
  2 oozes
  An adder zombie (D:6)
  3 adder skeletons
  3 worms
  2 dart slugs
  6 leopard geckos
  113 orcs
  4 bats
  A giant cockroach (D:2)
  19 goblins
  13 hobgoblins
  5 jackals
  2 quokkas
  3 ball pythons
  4 frilled lizards
  A giant cockroach zombie (D:5)
  3 jackal skeletons
  24 kobolds
  A leopard gecko skeleton (D:7)
  A leopard gecko zombie (D:9)
  A quokka skeleton (D:5)
  A quokka zombie (D:6)
  7 rats
  A butterfly (Lair:2)
  2 crawling corpses (Vaults:5)
  2 fungi
  14 plants
2336 creatures vanquished.

Vanquished Creatures (collateral kills)
  An orc knight (Orc:2)
  An elephant (Lair:6)
  A troll (Orc:2)
  A warg (D:7)
  A water moccasin (Lair:6)
  A porcupine (Lair:6)
  An orc (Orc:2)
7 creatures vanquished.

Vanquished Creatures (others)
  3 deep elf master archers (Elf:3)
  Asterion (Vaults:1)
  A ghost moth (Zot:4)
  A draconian scorcher (Zot:1)
  3 stone giants
  Nessos (D:13)
  5 yaktaur captains
  4 centaur warriors
  An alligator (Swamp:2)
  3 deep elf knights
  8 naga sharpshooters
  4 deep elf archers
  An orc knight (D:7)
  3 cyclopes
  11 yaktaurs
  A neqoxec (Depths:4)
  A naga (Snake:2)
  A warg (shapeshifter) (Depths:2)
  A centaur (D:14)
  An orc priest (Orc:2)
  A leopard gecko (D:6)
  6 orcs
  A quokka (D:10)
  A kobold (D:6)
  11 fungi
  21 plants
96 creatures vanquished.

Grand Total: 2439 creatures vanquished

Notes
Turn   | Place    | Note
-------+----------+-------------------------------------------
     0 | D:1      | laxxamousse2 the Gargoyle Fighter began the quest for the
                  | Orb.
     0 | D:1      | Reached XP level 1. HP: 14/14 MP: 1/1
    95 | D:1      | Reached XP level 2. HP: 16/20 MP: 2/2
   515 | D:2      | Reached XP level 3. HP: 24/24 MP: 3/3
   991 | D:3      | Reached skill level 5 in Fighting
   991 | D:3      | Reached XP level 4. HP: 31/31 MP: 4/4
  1006 | D:3      | Noticed Ijyb
  1020 | D:3      | Killed Ijyb
  1026 | D:3      | Noticed Robin
  1258 | D:3      | Reached XP level 5. HP: 33/36 MP: 5/5
  1264 | D:3      | Killed Robin
  1534 | D:3      | Found a stormy altar of Qazlal.
  1582 | D:3      | Became a worshipper of Qazlal Stormbringer
  1737 | D:4      | Found a blossoming altar of Fedhas.
  1993 | D:4      | Noticed an ogre
  1998 | D:4      | Killed an ogre
  1998 | D:4      | Reached skill level 1 in Invocations
  1998 | D:4      | Reached XP level 6. HP: 36/44 MP: 5/7
  2152 | D:4      | Reached XP level 7. HP: 26/48 MP: 8/8
  2312 | D:4      | Noticed Edmund
  2322 | D:4      | Killed Edmund
  2810 | D:5      | Entered Level 5 of the Dungeon
  2853 | D:5      | Noticed Blork the orc
  2859 | D:5      | Reached XP level 8. HP: 37/54 MP: 9/11
  2876 | D:5      | Killed Blork the orc
  3314 | D:5      | Reached * piety under Qazlal
  3404 | D:5      | You fall into a shaft and drop 3 floors!
  3404 | D:8      | Found a staircase to the Lair.
  3425 | D:8      | Found an opulent altar of Gozag.
  3426 | D:8      | Found a shattered altar of Ashenzari.
  3429 | D:8      | Found a stormy altar of Qazlal.
  3429 | D:8      | Found a burning altar of Makhleb.
  3492 | D:8      | Reached skill level 5 in Invocations
  3523 | D:8      | Reached skill level 5 in Axes
  3524 | D:8      | Reached XP level 9. HP: 42/60 MP: 11/13
  3534 | D:8      | Reached skill level 5 in Shields
  3698 | D:6      | Noticed Pikel
  3708 | D:6      | Killed Pikel
  3778 | D:6      | Reached ** piety under Qazlal
  4048 | D:6      | Reached skill level 10 in Fighting
  4077 | D:6      | Found a hide-covered altar of Uskayaw.
  4271 | D:6      | Found a staircase to the Ecumenical Temple.
  4369 | D:7      | Reached XP level 10. HP: 68/68 MP: 15/15
  4390 | D:7      | Found a shimmering altar of Xom.
  4391 | D:7      | Found a hazy altar of Hepliaklqana.
  4392 | D:7      | Noticed a spectral ugly thing
  4761 | D:7      | Noticed a brown ugly thing
  4778 | D:7      | Killed a brown ugly thing
  4796 | D:7      | Got a crude arbalest
  4809 | D:7      | Identified the +3 arbalest of Muiseapi {flame, Dex+6} (You
                  | found it on level 7 of the Dungeon)
  4929 | D:7      | Identified the +2 rapier of the Lonely Blessings {pierce,
                  | MR++}
  4930 | D:7      | Noticed an orc knight
  4931 | D:7      | Identified the cursed +0 robe "Seshre Lumace" {rN++ MR-
                  | Int+3 Slay-3}
  5558 | D:7      | Found Desual's Antique Weapon Emporium.
  5581 | D:7      | Bought a runed hand axe for 168 gold pieces
  5600 | D:7      | Reached *** piety under Qazlal
  6492 | D:9      | Reached skill level 5 in Armour
  6691 | D:9      | Found a sacrificial altar of Ru.
  6814 | D:9      | Found a basalt altar of Yredelemnul.
  7651 | D:10     | Entered Level 10 of the Dungeon
  7698 | D:10     | Noticed a deep elf mage
  7700 | D:10     | Killed a deep elf mage
  7700 | D:10     | Reached XP level 11. HP: 69/73 MP: 11/17
  7995 | D:10     | Reached **** piety under Qazlal
  8533 | D:10     | Gained mutation: You are agile. (Dex +2) [potion of
                  | mutation]
  8533 | D:10     | Gained mutation: You have a pair of small antennae on your
                  | head. [potion of mutation]
  8533 | D:10     | Gained mutation: Your body sometimes deteriorates upon
                  | taking damage. [potion of mutation]
  8533 | D:10     | Gained mutation: You have sharp toenails. [potion of
                  | mutation]
  8593 | Lair:1   | Entered Level 1 of the Lair of Beasts
  8677 | Lair:1   | Found a sparkling altar of Nemelex Xobeh.
  9822 | Lair:2   | Reached XP level 12. HP: 78/80 MP: 19/19
 10253 | Lair:2   | You fall into a shaft and drop 1 floor!
 10547 | Lair:3   | Reached ***** piety under Qazlal
 10620 | Lair:3   | Reached skill level 10 in Invocations
 10683 | Lair:3   | Noticed a death yak
 10686 | Lair:3   | Noticed a death yak
 10686 | Lair:3   | Noticed a death yak
 10699 | Lair:3   | Killed a death yak
 10702 | Lair:3   | Killed a death yak
 10709 | Lair:3   | Killed a death yak
 11180 | Lair:3   | Found a staircase to the Snake Pit.
 11342 | Lair:3   | Found a stormy altar of Qazlal.
 11641 | Lair:4   | Found a staircase to the Swamp.
 11646 | Lair:4   | Noticed a seven-headed hydra
 11651 | Lair:4   | Killed an eight-headed hydra
 11651 | Lair:4   | Reached skill level 10 in Shields
 11995 | Lair:4   | Found a white marble altar of Elyvilon.
 12091 | Lair:4   | Found a transporter.
 12091 | Lair:4   | Found a transporter.
 12092 | Lair:4   | Identified the +8 trident of Ziuck {protect, rElec MP+9
                  | Int+3 Dex+4}
 12092 | Lair:4   | Noticed a spriggan rider
 12093 | Lair:4   | Identified the +8 spear of Defiance {pierce, rElec rC+}
 12093 | Lair:4   | Noticed a spriggan rider
 12095 | Lair:4   | Noticed laxxamousse2's ghost (journeyman GrFi)
 12105 | Lair:4   | Found a bloodstained altar of Trog.
 12107 | Lair:4   | Noticed a death yak
 12107 | Lair:4   | Noticed a death yak
 12108 | Lair:4   | Noticed a death yak
 12108 | Lair:4   | Noticed a death yak
 12110 | Lair:4   | Noticed a death yak
 12121 | Lair:4   | Killed a death yak
 12125 | Lair:4   | Killed a death yak
 12130 | Lair:4   | Killed a death yak
 12134 | Lair:4   | Killed a death yak
 12134 | Lair:4   | Reached XP level 13. HP: 44/87 MP: 19/21
 13933 | Lair:6   | Entered Level 6 of the Lair of Beasts
 14381 | Lair:5   | Reached skill level 10 in Axes
 14397 | Lair:5   | Reached skill level 10 in Armour
 14817 | Lair:6   | Gained mutation: Your large and strong wings let you fly
                  | indefinitely. [Gargoyle growth]
 14817 | Lair:6   | Reached XP level 14. HP: 80/94 MP: 22/22
 15642 | Lair:6   | Found a staircase to the Slime Pits.
 17242 | D:11     | Got a bloodstained chain mail
 18143 | D:12     | Found a staircase to the Orcish Mines.
 18567 | Orc:1    | Entered Level 1 of the Orcish Mines
 18571 | Orc:2    | Entered Level 2 of the Orcish Mines
 18571 | Orc:2    | Noticed a stone giant
 18578 | Orc:2    | Killed a stone giant
 19037 | Orc:2    | Identified the cursed +0 chain mail of True Grit {rN++
                  | Int-3} (You found it on level 11 of the Dungeon)
 19182 | D:13     | Reached XP level 15. HP: 86/100 MP: 24/24
 19200 | D:13     | Lost mutation: Your body sometimes deteriorates upon taking
                  | damage. [potion of mutation]
 19200 | D:13     | Lost mutation: You are agile. (Dex +2) [potion of mutation]
 19200 | D:13     | Lost mutation: You have a pair of small antennae on your
                  | head. [potion of mutation]
 19200 | D:13     | Lost mutation: You have sharp toenails. [potion of
                  | mutation]
 19200 | D:13     | Gained mutation: You are dopey. (Int -2) [potion of
                  | mutation]
 19200 | D:13     | Gained mutation: You are somewhat resistant to further
                  | mutation. [potion of mutation]
 20007 | D:13     | Noticed Nessos
 20015 | D:13     | Killed Nessos
 20533 | D:14     | Noticed Jorgrun
 20763 | D:13     | Killed Jorgrun
 21747 | D:14     | Found a gate to the Vaults.
 21876 | D:15     | Entered Level 15 of the Dungeon
 21910 | D:15     | Found Ebruuts's Magic Scroll Shop.
 21918 | D:15     | Bought 2 scrolls of acquirement for 1352 gold pieces
 21921 | D:15     | Found the +8 mithril axe "Arga" {speed, MR+}
 22020 | D:15     | Found a blossoming altar of Fedhas.
 22198 | D:15     | Reached skill level 15 in Fighting
 22246 | D:15     | Reached XP level 16. HP: 64/108 MP: 21/26
 22606 | D:8      | Got a bloodstained plate armour
 22607 | D:8      | Identified the cursed +0 plate armour of Winter {*Contam
                  | rF+ Regen+ Dex+5} (You found it on level 8 of the Dungeon)
 23130 | D:15     | Found Ikethry's Food Boutique.
 23340 | D:15     | Found Hih Cydgh's Distillery.
 23346 | D:15     | Bought a potion of curing for 57 gold pieces
 23346 | D:15     | Bought a potion of curing for 57 gold pieces
 23346 | D:15     | Bought a potion of curing for 57 gold pieces
 23346 | D:15     | Bought a potion of curing for 57 gold pieces
 23414 | D:15     | Found a staircase to the Depths.
 23911 | Orc:1    | Found Agagh's General Store.
 24034 | Orc:2    | Found a staircase to the Elven Halls.
 24111 | Orc:2    | Found a roughly hewn altar of Beogh.
 24323 | Orc:2    | Noticed Snorg
 24352 | Orc:2    | Killed Snorg
 24838 | Orc:2    | Found Keukhoto's Antique Weapon Shop.
 24838 | Orc:2    | Found Kushumi's General Store.
 24840 | Orc:2    | Found Omaete's Food Shoppe.
 24840 | Orc:2    | Found Rukh's Armour Shop.
 24935 | Elf:1    | Entered Level 1 of the Elven Halls
 25761 | Elf:1    | Reached XP level 17. HP: 94/115 MP: 27/27
 25926 | Elf:1    | Noticed Kirke
 25935 | Elf:1    | Noticed a sphinx
 25936 | Elf:1    | Killed Kirke
 26950 | Elf:2    | Found a runed translucent gate.
 26950 | Elf:2    | Found a runed translucent gate.
 26950 | Elf:2    | Found a runed translucent gate.
 27014 | Elf:2    | Reached skill level 15 in Invocations
 27096 | Elf:2    | Noticed a deep elf blademaster
 27112 | Elf:2    | Killed a deep elf blademaster
 27458 | Elf:3    | Entered Level 3 of the Elven Halls
 27529 | Elf:3    | Reached skill level 15 in Shields
 27851 | Elf:3    | Reached XP level 18. HP: 41/122 MP: 8/29
 27853 | Elf:3    | Noticed a deep elf blademaster
 27857 | Elf:3    | Noticed a deep elf master archer
 27904 | Elf:2    | Killed a deep elf blademaster
 28164 | Elf:3    | Killed a deep elf master archer
 28166 | Elf:3    | Noticed an Ice Fiend
 28453 | Elf:3    | Noticed a Tzitzimitl
 28457 | Elf:3    | Noticed a deep elf master archer
 28564 | Elf:3    | Noticed a deep elf master archer
 28565 | Elf:3    | Noticed a Tzitzimitl
 28612 | Elf:3    | Killed a deep elf master archer
 28617 | Elf:3    | Killed a deep elf master archer
 28617 | Elf:3    | Reached skill level 15 in Armour
 28620 | Elf:3    | Identified the +6 great sword of the Philosopher {slice,
                  | *Contam +Blink rPois rC+}
 29882 | Snake:1  | Entered Level 1 of the Snake Pit
 29892 | Snake:1  | Found Xaorikio's Jewellery Shop.
 29908 | Snake:1  | Found Naoj's Gadget Emporium.
 29909 | Snake:1  | Found Senuetoh's Jewellery Shop.
 30004 | Snake:1  | Noticed Aizul
 30014 | Snake:1  | Killed Aizul
 30689 | Snake:2  | Noticed Vashnia
 30775 | Snake:2  | Killed Vashnia
 30875 | Snake:2  | Reached XP level 19. HP: 128/128 MP: 31/31
 31044 | Snake:2  | Found a basalt altar of Yredelemnul.
 32269 | Snake:4  | Entered Level 4 of the Snake Pit
 32535 | Snake:4  | Found Hokhoc's Jewellery Boutique.
 32535 | Snake:4  | Found Divi's Gadget Shop.
 32704 | Snake:4  | Noticed Agnes
 32719 | Snake:4  | Killed Agnes
 32918 | Snake:4  | Reached skill level 15 in Axes
 33100 | Snake:4  | Got a serpentine rune of Zot
 33708 | Orc:2    | Bought a +2 pair of boots of stealth for 301 gold pieces
 34008 | Swamp:1  | Entered Level 1 of the Swamp
 34247 | Swamp:1  | Reached XP level 20. HP: 137/137 MP: 32/32
 34837 | Swamp:2  | Noticed Louise
 34855 | Swamp:2  | Killed Louise
 34871 | Swamp:2  | Noticed Roxanne
 34896 | Swamp:2  | Killed Roxanne
 35395 | Swamp:3  | Noticed Mara
 35418 | Swamp:3  | Killed Mara
 35610 | Swamp:3  | Noticed Donald
 35627 | Swamp:3  | Killed Donald
 35633 | Swamp:3  | Noticed Nikola
 35662 | Swamp:3  | Killed Nikola
 35993 | Swamp:4  | Entered Level 4 of the Swamp
 36274 | Swamp:4  | Reached ****** piety under Qazlal
 36449 | Swamp:4  | Reached skill level 1 in Evocations
 36452 | Swamp:4  | Noticed the 27-headed Lernaean hydra
 36467 | Swamp:4  | Killed the 26-headed Lernaean hydra
 36535 | Swamp:4  | Got a decaying rune of Zot
 37071 | Vaults:1 | Entered Level 1 of the Vaults
 37184 | Vaults:1 | Noticed Asterion
 37201 | Vaults:1 | Killed Asterion
 37350 | Vaults:1 | Gained mutation: Your spells are a little easier to cast,
                  | but a little less powerful. [a neqoxec]
 37513 | Vaults:1 | Noticed Saint Roka
 37542 | Vaults:1 | Killed Saint Roka
 37542 | Vaults:1 | Reached XP level 21. HP: 48/144 MP: 34/34
 38984 | Vaults:2 | Found Winwo's Assorted Antiques.
 40427 | Vaults:3 | Reached XP level 22. HP: 151/151 MP: 35/35
 41109 | Vaults:3 | Noticed Xtahua
 41120 | Vaults:3 | Killed Xtahua
 41415 | Vaults:3 | Found a staircase to the Crypt.
 41472 | Vaults:3 | Got a slimy golden amulet
 41572 | Vaults:4 | Found a magical portal.
 41812 | WizLab   | Noticed an antique lich
 41824 | WizLab   | Killed an antique lich
 41845 | WizLab   | Found the +9 sword of Zonguldrok {reap}
 42066 | Vaults:4 | Found Soonou's Distillery.
 42069 | Vaults:4 | Bought a potion of curing for 42 gold pieces
 42069 | Vaults:4 | Bought a potion of curing for 42 gold pieces
 42069 | Vaults:4 | Bought a potion of heal wounds for 70 gold pieces
 42069 | Vaults:4 | Bought a potion of curing for 42 gold pieces
 42069 | Vaults:4 | Bought a potion of haste for 140 gold pieces
 42612 | Vaults:4 | Reached XP level 23. HP: 137/158 MP: 36/36
 42845 | Vaults:4 | Identified the ring of Olath {EV+4 Int+2 Dex+4}
 42909 | Vaults:4 | Got a steaming silver amulet
 42936 | Vaults:4 | Identified the amulet "Kiro" {Harm *Drain SInv} (You found
                  | it on level 3 of the Vaults)
 42937 | Vaults:4 | Identified the amulet "Aggyostro" {Harm *Drain +Blink Str-3
                  | Int+2} (You found it on level 4 of the Vaults)
 43721 | Depths:1 | Entered Level 1 of the Depths
 44041 | Depths:1 | Found Duts's Changing Room.
 44251 | Depths:1 | Found a gateway to Hell.
 44605 | Depths:2 | Gained mutation: Scrolls take you a little longer to read.
                  | [the power of Zot]
 44605 | Depths:2 | Gained mutation: Your body sometimes deteriorates upon
                  | taking damage. [the power of Zot]
 44843 | Depths:2 | Noticed a golden dragon
 45187 | Depths:2 | Noticed a golden dragon
 45215 | Depths:1 | Killed a golden dragon
 45398 | Depths:2 | Killed a golden dragon
 45529 | Depths:2 | Reached XP level 24. HP: 160/166 MP: 37/37
 45599 | Depths:2 | Identified the cursed +0 shortbow of Imminent Death {venom,
                  | MR+ Str-4 SInv}
 46061 | Depths:2 | Noticed a juggernaut
 46086 | Depths:2 | Killed a juggernaut
 46513 | Depths:3 | Found the +2 ratskin cloak {+Rats rPois rN+ Str-1 Int-1
                  | Dex+1}
 46896 | Depths:2 | Lost mutation: Scrolls take you a little longer to read.
                  | [potion of mutation]
 46896 | Depths:2 | Lost mutation: You are somewhat resistant to further
                  | mutation. [potion of mutation]
 46896 | Depths:2 | Lost mutation: You are dopey. (Int -2) [potion of mutation]
 46896 | Depths:2 | Gained mutation: Scrolls take you a little longer to read.
                  | [potion of mutation]
 46896 | Depths:2 | Gained mutation: You are occasionally teleported next to
                  | monsters. [potion of mutation]
 46896 | Depths:2 | Gained mutation: Your mind is acute. (Int +2) [potion of
                  | mutation]
 46898 | Depths:2 | Lost mutation: You are occasionally teleported next to
                  | monsters. [potion of mutation]
 46898 | Depths:2 | Lost mutation: Scrolls take you a little longer to read.
                  | [potion of mutation]
 46898 | Depths:2 | Lost mutation: Your spells are a little easier to cast, but
                  | a little less powerful. [potion of mutation]
 46898 | Depths:2 | Lost mutation: Your body sometimes deteriorates upon taking
                  | damage. [potion of mutation]
 46898 | Depths:2 | Gained mutation: Your spells are a little harder to cast,
                  | but a little more powerful. [potion of mutation]
 46898 | Depths:2 | Gained mutation: Your flesh is heat resistant. (rF+)
                  | [potion of mutation]
 46898 | Depths:2 | Gained mutation: Your mind is very acute. (Int +4) [potion
                  | of mutation]
 47182 | Depths:3 | Noticed Boris
 47201 | Depths:3 | Killed Boris
 47204 | Depths:3 | Found a runed translucent door.
 47204 | Depths:3 | Noticed Fuepateodgh's ghost (journeyman OpFE)
 47234 | Depths:3 | Killed Fuepateodgh's ghost
 47366 | Depths:3 | Found a one-way gate leading to the halls of Pandemonium.
 47446 | Depths:3 | Found a gateway to a ziggurat.
 47981 | Depths:3 | Noticed a juggernaut
 47992 | Depths:3 | Reached XP level 25. HP: 117/172 MP: 37/37
 48043 | Depths:3 | Killed a juggernaut
 48282 | Depths:3 | Identified Hattexio's Compendium of Flamy Snow
 48294 | Depths:3 | Got a pair of dazzling gloves
 48297 | Depths:3 | Identified the +0 pair of gloves "Igrylih" {rElec Dex+4
                  | SInv} (You found it on level 3 of the Depths)
 48604 | Depths:4 | Found Hodapt's Assorted Antiques.
 48636 | Depths:4 | Found a one-way gate to the infinite horrors of the Abyss.
 48787 | Depths:4 | Bought 2 potions of heal wounds for 250 gold pieces
 48787 | Depths:4 | Bought a potion of curing for 75 gold pieces
 48787 | Depths:4 | Bought a scroll of brand weapon for 500 gold pieces
 49487 | Depths:4 | Reached XP level 26. HP: 180/180 MP: 37/38
 49649 | Depths:5 | Entered Level 5 of the Depths
 49786 | Depths:5 | Noticed a juggernaut
 49809 | Depths:5 | Killed a juggernaut
 49839 | Depths:5 | Found a gate to the Realm of Zot.
 50037 | Depths:5 | Reached XP level 27. HP: 179/186 MP: 38/38
 50842 | Vaults:5 | Entered Level 5 of the Vaults
 50880 | Vaults:5 | Noticed Bai Suzhen
 50888 | Vaults:5 | Identified the +8 short sword of Ecaczyph {freeze, +Inv
                  | rPois}
 50930 | Vaults:5 | Killed Bai Suzhen
 51804 | Vaults:5 | Got a brightly glowing glass ring
 51806 | Vaults:5 | Identified the cursed ring "Opaptit" {AC-5 SInv Stlth+}
                  | (You found it on level 5 of the Vaults)
 51884 | Vaults:5 | Found the -2 hat of the Alchemist {rElec rPois rF+ rC+ rN+
                  | MR+ rMut rCorr}
 52376 | Vaults:5 | Found Mijuapt's Antique Armour Shoppe.
 52378 | Vaults:5 | Identified Kegoyh's Tome of the Traveller
 52384 | Vaults:5 | Bought a transparent plate armour for 1008 gold pieces
 52386 | Vaults:5 | Identified the cursed +0 plate armour of Touhua {rPois rC+}
                  | (You bought it in a shop on level 5 of the Vaults)
 52636 | Vaults:5 | Identified the Disquisition on Helpful Malediction
 52645 | Vaults:5 | Got a silver rune of Zot
 52657 | Vaults:5 | Got a bloodstained shield
 52658 | Vaults:5 | Identified the +8 shield "Qoagal" {MP+9 Str+3 Stlth+} (You
                  | found it on level 5 of the Vaults)
 53141 | Zot:1    | Entered Level 1 of the Realm of Zot
 53143 | Zot:1    | Found a transporter.
 53143 | Zot:1    | Found a transporter.
 53173 | Zot:1    | Noticed an ancient lich
 53410 | Zot:1    | Found a transporter.
 53426 | Zot:1    | Found a transporter.
 53426 | Zot:1    | Found a transporter.
 53814 | Zot:1    | Found a large runed translucent door.
 53814 | Zot:1    | Found a large runed translucent door.
 53814 | Zot:1    | Noticed Netemen's ghost (master GnFi)
 54970 | Zot:3    | Found a runed translucent door.
 55232 | Zot:3    | Noticed Kapsuyc's ghost (master VSBe)
 55286 | Zot:3    | Killed Kapsuyc's ghost
 57065 | Zot:4    | Noticed an orb of fire
 57090 | Zot:4    | Killed an orb of fire
 58291 | Zot:4    | Got a jacinth-encrusted plate armour
 58292 | Zot:4    | Identified the +4 plate armour "Binog" {*Slow Regen+ Str-4
                  | Slay+4} (You found it on level 4 of the Realm of Zot)
 58626 | Zot:5    | Entered Level 5 of the Realm of Zot
 58803 | Zot:5    | Noticed an orb of fire
 58806 | Zot:5    | Noticed an orb of fire
 58807 | Zot:5    | Noticed an orb of fire
 58812 | Zot:5    | Noticed an orb of fire
 58818 | Zot:5    | Noticed an orb of fire
 58827 | Zot:5    | Gained mutation: Your natural rate of healing is unusually
                  | fast. [an orb of fire]
 58856 | Zot:5    | Noticed an orb of fire
 58870 | Zot:5    | Noticed an ancient lich
 58872 | Zot:5    | Killed an orb of fire
 58880 | Zot:5    | Killed an orb of fire
 58892 | Zot:5    | Killed an ancient lich
 59018 | Zot:5    | Killed an orb of fire
 59106 | Zot:5    | Noticed an orb of fire
 59111 | Zot:5    | Noticed an ancient lich
 59122 | Zot:5    | Killed an ancient lich
 59137 | Zot:5    | Killed an orb of fire
 59252 | Zot:5    | Got the Orb of Zot
 59264 | Zot:5    | Gained mutation: Potions are less effective at restoring
                  | your health. [an orb of fire]
 59277 | Zot:5    | Gained mutation: Scrolls take you a little longer to read.
                  | [an orb of fire]
 59283 | Zot:5    | Lost mutation: Your mind is very acute. (Int +4) [an orb of
                  | fire]
 59364 | Zot:3    | Noticed Xoshus the pandemonium lord
 59647 | D:13     | Noticed Evelawul the pandemonium lord
 59688 | D:11     | Noticed Etul the pandemonium lord
 60019 | D:1      | Noticed Viul the pandemonium lord
 60026 | D:$      | Escaped with the Orb!

Levels and vault maps discovered:
D:1:      dpeg_arrival_connections, layout_rooms,
          corexii_item_surrounded_by_moat
D:2:      layout_basic, lemuel_another_geyser
D:3:      layout_rooms, grunt_qazlal_clouds, uniq_ijyb, uniq_robin
D:4:      layout_loops_cross, fedhas_altar_2, uniq_edmund
D:5:      layout_rooms, first_ration, uniq_blork_the_orc
D:6:      corexii_shack_village, layout_rooms, temple_hall, basic_altar,
          minmay_misc_feat_plants, uniq_pikel
D:7:      minmay_the_grid_plus_closed [minmay_the_grid_armoury,
          minmay_the_grid_expand, minmay_the_grid_tiny_cups,
          minmay_the_grid_gridbox, minmay_the_grid_prize_diamond_cup],
          layout_loops_corners, regret_index_temple_of_mockery, serial_shops,
          shop, minmay_misc_feat_rugged
D:8:      layout_cave_pools, grunt_temple_overflow_open,
          due_lair_maze_entry_diamond
D:9:      layout_grid_maze, nicolae_ru_awakened_eye, basic_altar, the_bakery
D:10:     layout_roguey [special_room_orc], corexii_leaking_fountain,
          lemuel_flame_loot_1
D:11:     layout_irregular_city, minivault_25_ag, serial_bayou_pond_c,
          minivault_16
D:12:     layout_basic, erik_orc_3
D:13:     layout_cross, einodemon_armed_red_devil_minivault, uniq_nessos
D:14:     layout_irregular_city, erik_vaults_1, kennysheep_flooded_box,
          uniq_jorgrun
D:15:     grunt_enter_depths_magical_seal, layout_basic, serial_shops,
          shop_statue, nicolae_shop_stone, nicolae_shop_trees,
          lemuel_altar_in_water
Lair:1:   wad_woods_stonehenge, layout_cave_pods, st_stairs_3
Lair:2:   layout_chaotic_city, grunt_forest_stairs_basic, st_stairs_12,
          lemuel_fruit_fields
Lair:3:   layout_loops_ring, guppyfry_snake_entry_garden, serial_forest,
          infiniplex_forest_clump_medium, infiniplex_forest_clump_diagonal,
          infiniplex_forest_lined_room_2, infiniplex_forest_straight_2,
          infiniplex_forest_lined_room_, infiniplex_forest_clump_small,
          infiniplex_forest_clump_curved, basic_altar, minmay_holes
Lair:4:   layout_regular_city, swamp_mist_pool,
          gammafunk_ghost_wrathful_warriors, lemuel_centaur_altar
Lair:5:   layout_small_grid
Lair:6:   gammafunk_lair_ancient_temple, layout_regular_city,
          minmay_slime_entry_oklob_open, nicolae_volcano_entry_batcave
Swamp:1:  layout_falls_marsh, evilmike_swamp_ruin_rubble_1, swamp_pool3
Swamp:2:  layout_basic_swamp, evilmike_swamp_ruin_house_2, swamp_pool5,
          infiniplex_staircase_pool_2, uniq_roxanne, uniq_louise
Swamp:3:  layout_basic_swamp, hangedman_swamp_ruin_wall, swamp_pool3,
          uniq_nikola, uniq_donald, uniq_mara
Swamp:4:  swamp_old_school, layout_basic_swamp, swamp_pool4
Snake:1:  minmay_snake_river, layout_onion, minmay_shop_grove, uniq_aizul
Snake:2:  layout_gridlike, basic_altar, uniq_vashnia
Snake:3:  layout_cave_shapes, serial_bayou_shore_b
Snake:4:  snake_pit, layout_misc_corridors, minmay_shoptagon, uniq_agnes
Orc:1:    layout_caves, serial_shops, nicolae_shop_behind_doors
Orc:2:    grunt_orc_tribal_feast, layout_diamond_mine, basic_altar,
          mines2_lemuel, uniq_snorg
Elf:1:    layout_onion_city, hangedman_elven_crosses_minicolossus, uniq_kirke
Elf:2:    layout_gridlike, serial_glass, glass_columns_a, glass_columns_a,
          glass_columns_a, glass_columns_c, glass_columns_c, glass_columns_b,
          glass_columns_c, glass_columns_b
Elf:3:    minmay_elf_hall_not_hex, layout_rooms
Vaults:1: hangedman_vaults_cutoff, vaults_room_grid,
          nicolae_vaults_network_square, nicolae_vaults_little_squares_1,
          v_pattern_3, nicolae_vaults_three_branches, nicolae_vaults_big_ls,
          vaults_room_stairs_pillars, layout_vaults_omnigrid, uniq_saint_roka,
          uniq_asterion
Vaults:2: v_misc_2, special_room_vaults [special_room_orc],
          grunt_vaults_diagonal, vaults_room_grunt_arrival_ludios,
          nicolae_vaults_network_quinsquares
          [nicolae_vaults_network_quincunx_subvault,
          nicolae_vaults_network_quincunx_subvault,
          nicolae_vaults_network_quincunx_subvault,
          nicolae_vaults_network_quincunx_subvault], v_misc_3,
          vaults_dpeg_diagonal, v_alt_pattern_1, v_misc_16,
          ontoclasm_vaults_fault, layout_vaults_big_room, serial_shops, shop,
          portal_desolation_entry_ruin
Vaults:3: nicolae_vaults_little_squares_1, minmay_crypt_entry_skeletal_spiral,
          vaults_dpeg_encased_lava, hangedman_vaults_unwind,
          nicolae_vaults_fighting_squares, vaults_room_door_hall,
          vaults_mumra_minichess, nicolae_vaults_circle_grid_b, v_misc_30,
          dpeg_vaults_monster_box, nicolae_vaults_ninety_degrees,
          nicolae_vaults_little_ls, vaults_room_grid,
          nicolae_vaults_ring_of_whatevers, layout_vaults_omnibox, uniq_xtahua
Vaults:4: st_greater_box_1, hangedman_vaults_stagger, v_misc_32, v_misc_30,
          nicolae_vaults_rhombus_7, nicolae_vaults_network_star,
          ontoclasm_vaults_bender, nicolae_vaults_circle_grid_b,
          ontoclasm_vaults_ring_small, nicolae_vaults_angled_halls,
          vaults_mumra_hexcomb, layout_vaults_omnicross, mu_enter_wizlab_1,
          serial_shops, nicolae_shop_behind_doors
Vaults:5: serial_shops, uniq_bai_suzhen
Depths:1: layout_basic, nicolae_wwwww, pf_vacation_house_of_asmodeus,
          minmay_misc_feat_x, kennysheep_path_1, nicolae_transmutations_shop,
          grunt_decor_clamped, hangedman_abyss_or_decor_stabs,
          kennysheep_generic_room_6, firewood_loft
Depths:2: hangedman_pleasuredromes, hell_entry
Depths:3: minmay_nested_s, layout_gridlike, enter_ziggurat_e,
          rand_demon_pan_entry_8, pf_hell_entry_tar_river,
          gammafunk_ghost_grave, chequers_hall_statues_y, minivault_10,
          infiniplex_staircase_hallway_doors, uniq_jory, uniq_boris
Depths:4: minmay_skeleton_keep, layout_basic, hell_entry,
          grunt_pan_entry_sceptre, minmay_misc_feat_pillars, abyss_entry,
          serial_shops, kennysheep_mini_moat, kennysheep_decorative_pillar
Depths:5: grunt_x_marks_the_spot, layout_cave_pools,
          minmay_misc_feat_four_crosses, hell_entry,
          abyss_entry_small_statue_room
Zot:1:    gammafunk_the_bubble [the_bubble_gammafunk_roulette], layout_basic,
          ebering_ghost_disaster_area
Zot:2:    layout_misc_corridors, st_single_dragon_hoard_1
Zot:3:    layout_cathedral_of_symmetry, gammafunk_ghost_grave
Zot:4:    grunt_twist_and_shout, layout_onion_interference, st_stairs_5
Zot:5:    layout_misc_corridors

Skill      XL: |  1  2  3  4  5  6  7  8  9 10 11 12 13 14 15 16 17 18 19 20 21 22 23 24 25 26 27 |
---------------+----------------------------------------------------------------------------------+-----
Fighting       | 4 5 6 7 8 9 10 11 12 13 14 15 16 17 18 19 20 21 22 25 | 25.3
Axes           | 2 3 5 6 7 8 9 10 11 12 13 14 15 16 17 18 | 18.0
Invocations    | 1 2 4 5 7 8 9 10 11 12 13 14 15 16 17 18 19 20 21 22 25 | 25.1
Shields        | 4 6 7 9 10 11 12 13 14 15 16 17 18 19 22 | 22.9
Armour         | 5 7 9 10 11 12 13 14 15 16 17 18 19 20 21 24 | 24.2
Evocations     | 3 |  3.1

Action                   |  1- 3 |  4- 6 |  7- 9 | 10-12 | 13-15 | 16-18 | 19-21 | 22-24 | 25-27 || total
-------------------------+-------+-------+-------+-------+-------+-------+-------+-------+-------++-------
Melee: War axe           |   106 |   149 |   226 |   315 |   724 |       |       |       |       ||  1520
       Whip              |       |       |    50 |       |       |       |       |       |       ||    50
       Trident           |       |       |    33 |   217 |       |       |       |       |       ||   250
       Morningstar       |       |       |       |    60 |       |       |       |       |       ||    60
       Kick              |       |       |       |   107 |   230 |       |       |       |       ||   337
       Broad axe         |       |       |       |       |   131 |  1024 |  1541 |  1733 |  1866 ||  6295
Invok: Upheaval          |       |       |       |     4 |    27 |    15 |    17 |     2 |     7 ||    72
       Disaster Area     |       |       |       |     1 |       |     4 |     4 |       |    11 ||    20
       Elemental Force   |       |       |       |       |     3 |       |       |       |       ||     3
 Abil: Fly               |       |       |       |       |     1 |       |       |       |       ||     1
Evoke: Wand              |       |       |       |     7 |       |       |       |       |       ||     7
  Use: Potion            |       |     1 |     3 |     6 |    17 |     6 |     3 |     6 |    25 ||    67
       Scroll            |       |       |     3 |    18 |    21 |    19 |     4 |     7 |    11 ||    83
 Stab: Petrifying        |       |       |       |       |     1 |     1 |       |       |       ||     2
       Distracted        |       |       |       |       |       |     2 |     1 |     1 |       ||     4
       Confused          |       |       |       |       |       |       |       |     1 |       ||     1
  Eat: Chunk             |       |     5 |     4 |    33 |    16 |     5 |     7 |    10 |     4 ||    84
       Ration            |       |       |     1 |     3 |     3 |     7 |     7 |     4 |    12 ||    37
Armor: Scale mail        |    51 |   121 |    43 |       |       |       |       |       |       ||   215
       Plate armour      |       |       |   311 |   316 |   467 |   221 |   390 |   326 |   527 ||  2558
Dodge: Dodged            |    36 |    84 |    85 |   116 |   166 |    76 |   140 |   102 |   292 ||  1097
       Deflected         |       |       |       |     6 |    15 |    32 |    36 |    12 |    31 ||   132
Block: Shield            |    52 |   109 |   288 |   555 |  1031 |   912 |  1062 |       |  1104 ||  5113
       Reflection        |       |       |       |       |    54 |   137 |   193 |   101 |    87 ||   572
       Large shield      |       |       |       |       |       |       |   454 |  1544 |   953 ||  2951
